 Dungeon Crawl Stone Soup version 0.29-a0-993-g4a18f31a58 (webtiles) character file.

Game seed: 1859608418322213066

3070 porpoise the Cleaver (level 10, -4/79 HPs)
             Began as a Formicid Gladiator on Aug 3, 2022.
             Was an Elder of Dithmenos.
             Slain by a nine-headed hydra (7 damage)
             ... on level 8 of the Dungeon.
             The game lasted 00:32:51 (7622 turns).

porpoise the Cleaver (Formicid Gladiator)           Turns: 7622, Time: 00:32:52

Health: -4/79      AC: 10    Str: 24    XL:     10   Next: 12%
Magic:  13/13      EV: 13    Int:  7    God:    Dithmenos [****..]
Gold:   537        SH:  9    Dex: 15    Spells: 9/9 levels left

rFire   . . .      SeeInvis +   O - +1 quarterstaff (spect)
rCold   . . .      Faith    .   p - +1 buckler
rNeg    + . .      Spirit   .   L - +0 chain mail
rPois   .          Reflect  +   (helmet unavailable)
rElec   .          Harm     .   y - +0 cloak
rCorr   .          Rampage  .   (no gloves)
Will    +....                   (no boots)
Stlth   ..........              t - amulet of reflection
HPRegen 0.23/turn               i - ring of positive energy
MPRegen 0.13/turn               x - +4 ring of evasion

@: wreathed by umbra
A: permanent stasis, dig shafts and tunnels, antennae 3, four strong arms
a: Dig, Shaft Self, Renounce Religion, Shadow Step


You were on level 8 of the Dungeon.
You worshipped Dithmenos.
Dithmenos was greatly pleased with you.
You visited 1 branch of the dungeon, and saw 8 of its levels.
You also visited: Sewer.

You collected 537 gold pieces.

Inventory:

Hand Weapons
 a - a +2 war axe of electrocution
 b - a +0 sling
 O - a +1 spectral quarterstaff (weapon)
Missiles
 c - 3 throwing nets
 d - 5 javelins
 u - 8 poisoned darts (quivered)
Armour
 p - a +1 buckler (worn)
 v - an orb of light
 y - a +0 cloak (worn)
 L - a +0 chain mail (worn)
Magical Staves
 l - a staff of poison
 C - a staff of earth
Jewellery
 i - a ring of positive energy (left hand)
 j - a +6 ring of dexterity
 t - an amulet of reflection (around neck)
 x - a +4 ring of evasion (right hand)
 z - a ring of ice
Wands
 m - a wand of paralysis (6)
 r - a wand of roots (7)
 M - a wand of flame (22)
 N - a wand of acid (8)
Scrolls
 e - a scroll of summoning
 o - 2 scrolls of immolation
 D - a scroll of amnesia {unknown}
 E - a scroll of enchant armour
 F - 2 scrolls of vulnerability
 G - a scroll of fear {unknown}
 H - a scroll of enchant weapon {unknown}
 I - a scroll of brand weapon {unknown}
 J - a scroll of noise
 K - 2 scrolls of poison
Potions
 f - a potion of lignification
 g - 4 potions of heal wounds
 h - 2 potions of flight {unknown}
 k - 4 potions of curing
 n - 5 potions of attraction
 q - 2 potions of brilliance
 s - a potion of magic {unknown}
 w - a potion of cancellation {unknown}
 A - a potion of might
 B - 4 potions of mutation


   Skills:
 - Level 7.0 Fighting
 + Level 10.5 Axes
 - Level 2.0 Throwing
 + Level 3.5 Armour
 + Level 4.1 Dodging
 - Level 5.0 Invocations


You had 9 spell levels left.
You didn't know any spells.
Your spell library was empty.

Dungeon Overview and Level Annotations

Branches:
Dungeon (8/15)             Temple (0/1) D:4           Sewer (visited)
   Lair: D:8-11

Altars:
Cheibriados
Dithmenos
Elyvilon
Gozag
Nemelex Xobeh
Trog
Yredelemnul

Shops:
D:7 (

Annotations:
D:8 Maurice


Innate Abilities, Weirdness & Mutations

You cannot be hasted, slowed, berserked, paralysed or teleported.
You can dig through walls and to a lower floor.
You have a pair of large antennae on your head. (SInv)
Your four strong arms can wield two-handed weapons with a shield.


Message History

The nine-headed hydra is moderately wounded.
The nine-headed hydra misses you. x3; The nine-headed hydra bites you.
You block the nine-headed hydra's attack.
The nine-headed hydra bites you. x2
The nine-headed hydra bites you but does no damage.
The nine-headed hydra bites you.
Maurice mumbles some strange words.
Maurice puts on a burst of speed!
Maurice mumbles some strange words.
Maurice blinks!
The nine-headed hydra attacks as you move away!
The nine-headed hydra bites you but does no damage.
You block the nine-headed hydra's attack.
The nine-headed hydra bites you but does no damage.
The nine-headed hydra bites you. x2; The nine-headed hydra misses you.
You block the nine-headed hydra's attack.
The nine-headed hydra barely misses you.
The nine-headed hydra closely misses you.
You barely miss the nine-headed hydra.
The nine-headed hydra is moderately wounded.
Your +1 spectral quarterstaff hits the nine-headed hydra!
The nine-headed hydra bites you but does no damage.
The nine-headed hydra misses you. The nine-headed hydra bites you!
The nine-headed hydra closely misses you.
The nine-headed hydra misses you.
You block the nine-headed hydra's attack.
The nine-headed hydra bites you.
You block the nine-headed hydra's attack.
The nine-headed hydra bites you but does no damage.
The nine-headed hydra bites you!
* * * LOW HITPOINT WARNING * * *
The nine-headed hydra misses you. The nine-headed hydra bites you!
* * * LOW HITPOINT WARNING * * *
The nine-headed hydra bites you.
* * * LOW HITPOINT WARNING * * *
The nine-headed hydra barely misses you.
The nine-headed hydra misses you.
The nine-headed hydra bites you but does no damage.
The nine-headed hydra bites you!
You die...

..........#.#
..............#.#
..............#.#
..............#'#######
..?....................
.....................
...#####...<.......
##.####.#####.!.........
......(@...............:
##..###D#####.........?.
#.# #.# #.÷......... #..
#.# #..÷.......$ #.##@#
#[..........
#..#.#####...........
######................###
.........###########..#
.....{...# ...


You could see a nine-headed hydra, Maurice (swift, invisible) and a friendly +1
spectral quarterstaff (summoned).

Vanquished Creatures
  Joseph (D:8)
  Prince Ribbit (D:7)
  2 vampire mosquitoes (D:8)
  2 water moccasins
  An orc warrior (D:6)
  3 ice beasts
  An ogre (D:4)
  A phantom (D:6)
  5 bullfrogs
  3 scorpions
  3 howler monkeys (D:8)
  7 orc priests
  2 jellies
  5 iguanas
  4 orc wizards
  Robin (D:2)
  4 gnolls (D:2)
  16 adders
  5 river rats (Sewer)
  A shadow imp (D:8)
  4 white imps
  An ufetubus (D:6)
  4 worms
  A dart slug (D:3)
  31 orcs
  9 endoplasms
  7 hobgoblins
  A jackal (D:3)
  4 kobolds
  2 quokkas
  23 ball pythons
  6 bats
  5 frilled lizards
  16 goblins
  30 rats
212 creatures vanquished.

Vanquished Creatures (others)
  A kobold (D:3)
  A plant (D:1)
2 creatures vanquished.

Grand Total: 214 creatures vanquished

Notes
Turn   | Place    | Note
-------+----------+-------------------------------------------
     0 | D:1      | porpoise the Formicid Gladiator began the quest for the
                  | Orb.
     0 | D:1      | Reached XP level 1. HP: 16/16 MP: 1/1
   313 | D:1      | Reached XP level 2. HP: 23/23 MP: 2/2
   784 | D:2      | Reached XP level 3. HP: 28/28 MP: 3/3
   862 | D:2      | Reached skill level 4 in Axes
  1164 | D:2      | Reached XP level 4. HP: 17/35 MP: 4/4
  1766 | D:2      | Reached XP level 5. HP: 41/41 MP: 5/5
  2275 | D:3      | Found a shadowy altar of Dithmenos.
  2295 | D:3      | Became a worshipper of Dithmenos the Shadowed
  2341 | D:3      | Found a faded altar of an unknown god.
  2473 | D:3      | Noticed Robin
  2498 | D:2      | Reached skill level 5 in Axes
  2587 | D:2      | Killed Robin
  2698 | D:3      | Reached XP level 6. HP: 41/48 MP: 6/6
  2886 | D:3      | Found an opulent altar of Gozag.
  2900 | D:3      | Reached * piety under Dithmenos
  3419 | D:4      | Noticed an ogre
  3430 | D:4      | Killed an ogre
  3431 | D:4      | Reached skill level 6 in Axes
  3535 | D:4      | Reached XP level 7. HP: 55/55 MP: 7/7
  3577 | D:4      | Found a staircase to the Ecumenical Temple.
  3628 | D:4      | Found a glowing drain.
  3656 | Sewer    | Entered a sewer
  3958 | Sewer    | Reached ** piety under Dithmenos
  4074 | Sewer    | Reached skill level 5 in Fighting
  4135 | Sewer    | Reached skill level 1 in Invocations
  4566 | D:4      | Reached XP level 8. HP: 63/63 MP: 9/9
  4566 | D:4      | Reached *** piety under Dithmenos
  4582 | D:4      | Reached skill level 7 in Axes
  4601 | D:4      | Found a white marble altar of Elyvilon.
  4757 | D:5      | Entered Level 5 of the Dungeon
  5310 | D:6      | You fall into a shaft and drop 1 floor!
  5496 | D:7      | Found Piweywne's Weapon Shoppe.
  5512 | D:7      | Noticed Prince Ribbit
  5544 | D:7      | Killed Prince Ribbit
  5545 | D:7      | Reached skill level 8 in Axes
  5545 | D:7      | Reached skill level 5 in Invocations
  5545 | D:7      | Reached XP level 9. HP: 64/72 MP: 12/12
  5721 | D:6      | Reached skill level 9 in Axes
  6044 | D:6      | Found a bloodstained altar of Trog.
  6064 | D:6      | Found a snail-covered altar of Cheibriados.
  6212 | D:6      | Found a basalt altar of Yredelemnul.
  6437 | D:6      | Reached **** piety under Dithmenos
  7009 | D:7      | Found a sparkling altar of Nemelex Xobeh.
  7150 | D:8      | Reached skill level 10 in Axes
  7150 | D:8      | Reached skill level 1 in Armour
  7294 | D:8      | Noticed Joseph
  7310 | D:8      | HP: 3/72 [Joseph/+1 spectral quarterstaff (19)]
  7313 | D:8      | Killed Joseph
  7314 | D:8      | Reached XP level 10. HP: 30/79 MP: 10/13
  7601 | D:8      | Noticed Maurice
  7606 | D:8      | Noticed an eight-headed hydra
  7622 | D:8      | HP: 3/79 [nine-headed hydra (6)]
  7622 | D:8      | Slain by a nine-headed hydra

Illustrated notes

Levels and vault maps discovered:
D:1:      amcnicky_arrival_gap_in_the_tavern_cellar, layout_basic,
          serial_bayou_lake_a
D:2:      layout_basic, kennysheep_generic_room_11
D:3:      layout_basic, nicolae_gozag_seed_capital,
          mainiacjoe_overflow_24_doors, ebering_ecumenical_altar_abandoned,
          kennysheep_small_spiral, minmay_diced_spiral, uniq_robin
D:4:      layout_basic, mainiacjoe_overflow_cross_hatched,
          minmay_temple_entry_overgrown, cheibrodos_sewer_entry_drain
D:5:      layout_rooms
D:6:      layout_loops_ring, overflow_temple_1_default,
          mainiacjoe_overflow_paths, lemuel_tele_altar, minmay_misc_feat_iff,
          kennysheep_windowed_goal
D:7:      layout_loops_ring, lemuel_coloured_pillars_altar, serial_shops,
          nicolae_diamond_shop, uniq_prince_ribbit1
D:8:      layout_basic, okawaru_ov_weapons_minmay, dpeg_lair_monsters,
          uniq_maurice, uniq_joseph

Skill      XL: |  1  2  3  4  5  6  7  8  9 10 |
---------------+-------------------------------+-----
Axes           | 4 5 6 8 10 | 10.5
Fighting       | 3 4 5 7 |  7.0
Invocations    | 2 5 |  5.0
Armour         | 2 3 |  3.5
Dodging        | 3 4 |  4.1
Throwing       | |  2.0

Action                   |  1- 3 |  4- 6 |  7- 9 | 10-12 || total
-------------------------+-------+-------+-------+-------++-------
Melee: War axe           |    58 |   135 |   356 |    10 ||   559
       Punch             |     2 |       |       |       ||     2
       Quarterstaff      |       |       |       |     2 ||     2
 Fire: Sling             |       |       |    15 |       ||    15
Throw: Throwing net      |       |     1 |       |       ||     1
       Dart              |       |     4 |     1 |       ||     5
Invok: Shadow Step       |       |       |     2 |       ||     2
Evoke: Wand              |       |       |       |     2 ||     2
  Use: Potion            |       |     3 |     1 |     1 ||     5
       Scroll            |       |     8 |     6 |       ||    14
Armor: Ring mail         |    23 |     7 |       |       ||    30
       Scale mail        |       |    22 |    38 |       ||    60
       Chain mail        |       |       |    17 |     9 ||    26
Dodge: Dodged            |    46 |    80 |   184 |    25 ||   335
Block: Buckler           |       |    60 |   164 |    14 ||   238
       Reflection        |       |     6 |     3 |       ||     9

Table legend: (Time is in decaauts)
 A = Elapsed time spent in this place.
 B = Non-inter-level travel time spent in this place.
 C = Inter-level travel time spent in this place.
 D = Time resting spent in this place.
 E = Time spent auto-exploring this place.
 F = Levels seen in this place.
 G = Mean time per level.
                   A        B        C        D        E       F      G
               +--------+--------+--------+--------+--------+-----+--------+
         Total |   7828 |   7607 |    221 |   2062 |   3437 |   9 |  869.8 |
       Dungeon |   7137 |   6916 |    221 |   1871 |   3437 |   8 |  892.1 |
         Sewer |    690 |    690 |      0 |    191 |      0 |   1 |  690.0 |
               +--------+--------+--------+--------+--------+-----+--------+

Top non-repeatable levels by time:
     D:2: 1641 daAuts
     D:7: 1083 daAuts
     D:6: 1011 daAuts
     D:3: 995 daAuts
     D:4: 811 daAuts
     D:1: 801 daAuts
   Sewer: 690 daAuts
     D:5: 502 daAuts
     D:8: 289 daAuts
